Flyers vs Capitals (R1)

Created - March 14, 2019 at 19:13

Goals
1 2 3 T
Flyers 0 1 0 1
Capitals 0 1 2 3
Shots
1 2 3 T
Flyers 1 9 9 19
Capitals 11 10 9 30

1st period

No Goal

Penalties :
Jarrod Maidens (Was) for Roughing (Minor) at 6:01, Joe Pavelski (Was) for Holding (Minor) at 8:44, Chris Mcallister (Phi) for Hooking (Minor) at 15:16

2nd period

1. Capitals , Joe Thornton 38 (Jason Pominville 32) at 6:46
2. Flyers , Drew Miller 31 (Oliver Ekman-Larsson 32, Jeff Carter 53) at 18:43

Penalties :
Joe Pavelski (Was) for Interference (Minor) at 3:30, Christian Ehrhoff (Was) for Head-butting (Major / Game Misconduct) at 7:38, Oliver Ekman-Larsson (Phi) for Slashing (Minor) at 16:19, Mike Cammalleri (Was) for Roughing (Minor) at 16:43

3rd period

3. Capitals , Jason Pominville 25 (Joe Thornton 49) at 5:50
4. Capitals , Ryan Getzlaf 12 (Joe Pavelski 32, Dan Girardi 8) at 7:33 (PP)

Penalties :
Oliver Ekman-Larsson (Phi) for Interference (Minor) at 6:01, Drew Miller (Phi) for High sticking (Minor) at 7:40, Matt Smaby (Phi) for Holding (Minor) at 13:07

Goalie Stats

Cory Schneider (Phi), 27 saves from 30 shots - (0.900), L, 26-6-5, 60:00 minutes
Tuukka Rask (Was), 18 saves from 19 shots - (0.947), W, 31-18-2, 60:00 minutes

Players Stats for Flyers

Player Name              G  A  P  +/- PIM S  H  SB GA TA FO     MP     PP MP  PK MP  
------------------------------------------------------------------------------------
Brian Lashoff            0  0  0   1  0   3  0  0  0  0  0/0    10:55   0:24   2:28 
Brian McGrattan          0  0  0  -1  0   3  1  0  0  0  1/1    16:18   4:35   0:00 
Chris Mcallister         0  0  0  -1  2   0  1  0  0  0  0/0    17:03   4:39   0:32 
Drew Miller              1  0  1   1  2   3  1  0  0  0  1/1    22:54   5:39   3:16 
J.T. Miller              0  0  0  -1  0   2  2  0  0  0  0/0    12:59   1:02   2:02 
Jakub Voracek            0  0  0   0  0   3  5  0  1  0  2/2    20:29   5:15   1:28 
Jaromir Jagr             0  0  0  -1  0   0  0  1  0  0  0/0    11:18   1:34   0:00 
Jeff Carter              0  1  1   1  0   1  2  2  0  0  14/30  26:55   5:13   4:18 
Jeff Woywitka            0  0  0   0  0   0  0  1  0  1  0/0    25:05   6:18   4:45 
Jonathan Ericsson        0  0  0  -1  0   0  1  1  0  0  0/0    21:13   4:17   2:40 
Kyle Wellwood            0  0  0  -1  0   3  1  0  0  0  6/12   18:42   4:39   1:35 
Marcus Kruger            0  0  0  -1  0   0  1  0  2  0  5/8    13:22   0:34   2:35 
Mats Zuccarello          0  0  0   0  0   0  0  0  0  0  0/0     5:05   0:19   0:00 
Matt Smaby               0  0  0  -1  2   1  1  0  0  0  0/0    21:01   4:17   2:23 
Matthew Lombardi         0  0  0   0  0   0  0  0  0  0  1/2     4:43   0:00   0:00 
Nathan Beaulieu          0  0  0   0  0   0  1  0  0  0  0/0     6:16   0:52   0:28 
Oliver Ekman-Larsson     0  1  1   0  4   0  3  2  0  2  0/0    26:12   6:18   3:02 
Steve McCarthy           0  0  0   0  0   0  1  0  0  0  0/0     9:56   0:45   0:00 

Players Stats for Capitals

Player Name              G  A  P  +/- PIM S  H  SB GA TA FO     MP     PP MP  PK MP  
------------------------------------------------------------------------------------
Blake Wheeler            0  0  0   0  0   0  0  0  1  0  0/0     9:26   0:31   0:00 
Brent Burns              0  0  0   0  0   1  1  0  0  0  0/0    28:09   4:46   5:31 
Christian Ehrhoff        0  0  0   0  15  0  1  0  0  0  0/0    11:40   1:15   3:06 
Dan Girardi              0  1  1   0  0   1  0  1  0  0  0/0    21:34   3:55   1:57 
David Krejci             0  0  0   0  0   2  1  0  0  0  2/2    11:34   0:00   3:32 
Jamie Benn               0  0  0   0  0   2  4  1  0  0  0/0    16:05   3:37   1:51 
Jarrod Maidens           0  0  0   0  2   0  2  0  0  0  0/2     7:15   0:00   0:00 
Jason Pominville         1  1  2   1  0   5  1  1  1  0  4/9    24:05   3:48   5:03 
Joe Pavelski             0  1  1   0  4   2  0  0  0  0  1/2    16:41   3:37   2:19 
Joe Thornton             1  1  2   1  0   5  1  2  0  1  16/27  24:17   3:52   5:19 
Joey Ryan                0  0  0   0  0   2  1  0  0  0  0/0    12:58   0:00   1:24 
Matt Carle               0  0  0   1  0   1  2  1  0  0  0/0    21:36   3:07   5:09 
Mike Cammalleri          0  0  0   1  2   4  1  0  1  0  0/0    21:39   3:44   3:55 
Patrick Marleau          0  0  0   0  0   0  0  0  0  0  0/0     8:39   0:28   0:00 
Ryan Getzlaf             1  0  1   0  0   1  2  0  0  0  3/14   14:30   3:37   0:41 
Scott Parse              0  0  0   0  0   3  1  0  0  0  0/0     6:54   0:00   0:00 
T.J. Oshie               0  0  0   0  0   0  2  0  0  1  0/0     7:18   0:24   0:00 
Victor Hedman            0  0  0   1  0   1  1  2  0  1  0/0    22:40   2:43   5:33 

3 Stars

1 - Joe Thornton (Was)
2 - Jason Pominville (Was)
3 - Ryan Getzlaf (Was)

Power Play

Flyers - 0 on 4 Attempt(s) - 0.00%
Capitals - 1 on 6 Attempt(s) - 16.67%

Penalty Kill

Flyers - 5 on 6 Attempt(s) - 83.33% - Score 0 goal in Penalty Kill
Capitals - 4 on 4 Attempt(s) - 100.00% - Score 0 goal in Penalty Kill

Team Stat

Flyers - Hits : 21 - Faceoff Wins : 30 - Blocked Shots : 7 - Penalty Minutes : 10
Capitals - Hits : 21 - Faceoff Wins : 26 - Blocked Shots : 8 - Penalty Minutes : 23

Official

Referees : Unknown
Linesman : Unknown

Game Notes

Christian Ehrhoff ejected from game at 7:38 of 2nd period
15:50 of 2nd period - Penalty Shot by Brian Lashoff for Flyers - Shot Misses the Net

Finance

Level 1 -- Attendance: 5704 (95.07%) -- Ticket Income $467,728
Level 2 -- Attendance: 5000 (100.00%) -- Ticket Income $235,000
Level 3 -- Attendance: 2000 (100.00%) -- Ticket Income $64,000
Level 4 -- Attendance: 3739 (93.48%) -- Ticket Income $78,519
Luxury Box -- Attendance: 738 (73.80%) -- Ticket Income $123,984
Game was played at the Verizon Center.
Total Attendance: 17181 (95.45%)
Total Ticket Income: $969,231
Other Income: $145,385
Total Income: $1,114,616

Flyers

5 vs 5 Forward 
   Center                   Left Wing                Right Wing               Time % Phy DF OF 
 1 Jeff Carter              Drew Miller              Jakub Voracek            40     1   2  2  
 2 Kyle Wellwood            Chris Mcallister         Brian McGrattan          30     1   2  2  
 3 Marcus Kruger            J.T. Miller              Jaromir Jagr             20     1   2  2  
 4 Matthew Lombardi         Jeff Carter              Mats Zuccarello          10     1   2  2  

5 vs 5 Defense 
   Defense                  Defense                                           Time % Phy DF OF 
 1 Oliver Ekman-Larsson     Jeff Woywitka                                     40     1   2  2  
 2 Jonathan Ericsson        Matt Smaby                                        30     1   2  2  
 3 Steve McCarthy           Brian Lashoff                                     20     1   2  2  
 4 Nathan Beaulieu          Oliver Ekman-Larsson                              10     1   2  2  

PowerPlay Forward 
   Center                   Left Wing                Right Wing               Time % Phy DF OF 
 1 Jeff Carter              Drew Miller              Jakub Voracek            60     1   2  2  
 2 Kyle Wellwood            Chris Mcallister         Brian McGrattan          40     1   2  2  

PowerPlay Defense
   Defense                  Defense                                           Time % Phy DF OF 
 1 Oliver Ekman-Larsson     Jeff Woywitka                                     60     1   2  2  
 2 Jonathan Ericsson        Matt Smaby                                        40     1   2  2  

Penalty Kill 4 Players Forward 
   Center                   Wing                     Time % Phy DF OF 
 1 Jeff Carter              Drew Miller              60     1   2  2  
 2 Jakub Voracek            Kyle Wellwood            40     1   2  2  

Penalty Kill 4 Players Defense
   Defense                  Defense                  Time % Phy DF OF 
 1 Oliver Ekman-Larsson     Jeff Woywitka            60     1   2  2  
 2 Jonathan Ericsson        Matt Smaby               40     1   2  2  

Penalty Kill - 3 Players Forward 
   Forward                                           Time % Phy DF OF 
 1 Jeff Carter                                       60     1   2  2  
 2 Drew Miller                                       40     1   2  2  

Penalty Kill - 3 Players Defense
   Defense                  Defense                  Time % Phy DF OF 
 1 Oliver Ekman-Larsson     Jeff Woywitka            60     1   2  2  
 2 Jonathan Ericsson        Matt Smaby               40     1   2  2  

4 vs 4 Forward 
   Center                   Wing                     Time % Phy DF OF 
 1 Jeff Carter              Drew Miller              60     1   2  2  
 2 Jakub Voracek            Kyle Wellwood            40     1   2  2  

4 vs 4 Defense
   Defense                  Defense                  Time % Phy DF OF 
 1 Oliver Ekman-Larsson     Jeff Woywitka            60     1   2  2  
 2 Jonathan Ericsson        Matt Smaby               40     1   2  2  

Last Minutes Offensive
   Center                   Left Wing                Right Wing               Defense                  Defense                  
   Jeff Carter              Drew Miller              Jakub Voracek            Oliver Ekman-Larsson     Jeff Woywitka            

Last Minutes Defensive
   Center                   Left Wing                Right Wing               Defense                  Defense                  
   Jeff Carter              Drew Miller              Jakub Voracek            Oliver Ekman-Larsson     Jeff Woywitka            

Goaltenders
Starting : Cory Schneider           
Backup : Steve Mason              

Extra Forwards
Normal : Jaromir Jagr, J.T. Miller, Marcus Kruger - PP : Jaromir Jagr, J.T. Miller - PK : Marcus Kruger
Extra Defensemen
Normal : Steve McCarthy, Brian Lashoff, Nathan Beaulieu - PP : Steve McCarthy - PK : Brian Lashoff, Nathan Beaulieu
Penalty Shots
Jeff Carter, Drew Miller, Jakub Voracek, Kyle Wellwood, Brian McGrattan

Scratches
Dany Heatley (Left Eye Injury)

Capitals

5 vs 5 Forward 
   Center                   Left Wing                Right Wing               Time % Phy DF OF 
 1 Joe Thornton             Mike Cammalleri          Jason Pominville         40     1   2  2  
 2 Ryan Getzlaf             Jamie Benn               Joe Pavelski             30     1   2  2  
 3 David Krejci             Patrick Marleau          Blake Wheeler            20     1   2  2  
 4 Jarrod Maidens           Scott Parse              T.J. Oshie               10     1   2  2  

5 vs 5 Defense 
   Defense                  Defense                                           Time % Phy DF OF 
 1 Brent Burns              Christian Ehrhoff                                 40     1   2  2  
 2 Victor Hedman            Matt Carle                                        30     1   2  2  
 3 Dan Girardi              Joey Ryan                                         20     1   2  2  
 4 Brent Burns              Christian Ehrhoff                                 10     1   2  2  

PowerPlay Forward 
   Center                   Left Wing                Right Wing               Time % Phy DF OF 
 1 Joe Thornton             Mike Cammalleri          Jason Pominville         60     1   2  2  
 2 Ryan Getzlaf             Jamie Benn               Joe Pavelski             40     1   2  2  

PowerPlay Defense
   Defense                  Defense                                           Time % Phy DF OF 
 1 Brent Burns              Christian Ehrhoff                                 60     1   2  2  
 2 Victor Hedman            Matt Carle                                        40     1   2  2  

Penalty Kill 4 Players Forward 
   Center                   Wing                     Time % Phy DF OF 
 1 Jason Pominville         Joe Thornton             60     1   2  2  
 2 Joe Pavelski             Mike Cammalleri          40     1   2  2  

Penalty Kill 4 Players Defense
   Defense                  Defense                  Time % Phy DF OF 
 1 Brent Burns              Christian Ehrhoff        60     1   2  2  
 2 Victor Hedman            Matt Carle               40     1   2  2  

Penalty Kill - 3 Players Forward 
   Forward                                           Time % Phy DF OF 
 1 Jason Pominville                                  60     1   2  2  
 2 Joe Thornton                                      40     1   2  2  

Penalty Kill - 3 Players Defense
   Defense                  Defense                  Time % Phy DF OF 
 1 Brent Burns              Christian Ehrhoff        60     1   2  2  
 2 Victor Hedman            Matt Carle               40     1   2  2  

4 vs 4 Forward 
   Center                   Wing                     Time % Phy DF OF 
 1 Jason Pominville         Joe Thornton             60     1   2  2  
 2 Joe Pavelski             Mike Cammalleri          40     1   2  2  

4 vs 4 Defense
   Defense                  Defense                  Time % Phy DF OF 
 1 Brent Burns              Christian Ehrhoff        60     1   2  2  
 2 Victor Hedman            Matt Carle               40     1   2  2  

Last Minutes Offensive
   Center                   Left Wing                Right Wing               Defense                  Defense                  
   Joe Thornton             Mike Cammalleri          Jason Pominville         Brent Burns              Christian Ehrhoff        

Last Minutes Defensive
   Center                   Left Wing                Right Wing               Defense                  Defense                  
   Joe Thornton             Mike Cammalleri          Jason Pominville         Brent Burns              Christian Ehrhoff        

Goaltenders
Starting : Tuukka Rask              
Backup : Mike Smith               

Extra Forwards
Normal : Blake Wheeler, Patrick Marleau, David Krejci - PP : Blake Wheeler, Patrick Marleau - PK : David Krejci
Extra Defensemen
Normal : Dan Girardi, Joey Ryan, Victor Hedman - PP : Dan Girardi - PK : Joey Ryan, Victor Hedman
Penalty Shots
Jason Pominville, Joe Thornton, Joe Pavelski, Mike Cammalleri, Blake Wheeler

Scratches
Ondrej Palat (Head Injury), Mikko Koivu (Bruised Right Arm Injury)

% Time on Ice - Flyers

Lines # - Real PCT - Wanted PCT - Time Play
Normal Forward
1 - 34% - 40% - 13:17
2 - 33% - 30% - 12:58
3 - 21% - 20% - 8:14
4 - 12% - 10% - 4:43
Normal Defense
1 - 33% - 40% - 12:49
2 - 36% - 30% - 14:00
3 - 21% - 20% - 8:04
4 - 11% - 10% - 4:19
PP Forward
1 - 59% - 60% - 6:41
2 - 41% - 40% - 4:39
PP Defense
1 - 62% - 60% - 7:03
2 - 38% - 40% - 4:17
PK Forward
1 - 81% - 60% - 6:25
2 - 19% - 40% - 1:28
PK Defense
1 - 60% - 60% - 4:45
2 - 40% - 40% - 3:08
PK3 Forward
1 - 0% - 60%
2 - 0% - 40%
PK3 Defense
1 - 0% - 60%
2 - 0% - 40%
44 Forward
1 - 66% - 60% - 1:03
2 - 34% - 40% - 0:32
44 Defense
1 - 77% - 60% - 1:13
2 - 23% - 40% - 0:22
Last Minute Offensive  - 0:00
Last Minute Defensive  - 0:00
Total
Forward - 60:00
Defense - 60:00

% Time on Ice - Capitals

Lines # - Real PCT - Wanted PCT - Time Play
Normal Forward
1 - 38% - 40% - 15:00
2 - 28% - 30% - 10:49
3 - 17% - 20% - 6:29
4 - 18% - 10% - 6:54
Normal Defense
1 - 47% - 40% - 18:36
2 - 32% - 30% - 12:21
3 - 18% - 20% - 7:05
4 - 3% - 10% - 1:10
PP Forward
1 - 54% - 60% - 4:16
2 - 46% - 40% - 3:37
PP Defense
1 - 68% - 60% - 5:23
2 - 32% - 40% - 2:30
PK Forward
1 - 65% - 60% - 7:25
2 - 35% - 40% - 3:55
PK Defense
1 - 55% - 60% - 6:11
2 - 45% - 40% - 5:09
PK3 Forward
1 - 0% - 60%
2 - 0% - 40%
PK3 Defense
1 - 0% - 60%
2 - 0% - 40%
44 Forward
1 - 78% - 60% - 1:14
2 - 22% - 40% - 0:21
44 Defense
1 - 76% - 60% - 1:12
2 - 24% - 40% - 0:23
Last Minute Offensive  - 0:00
Last Minute Defensive  - 0:00
Total
Forward - 60:00
Defense - 60:00

Play-by-Play

1st period


0:01 of 1st period - Joe Thornton wins face-off versus Jeff Carter in neutral zone.
1:14 of 1st period - Snap shot by Victor Hedman.
1:14 of 1st period - Stopped by Cory Schneider with a rebound.
1:16 of 1st period - Snap shot by Jarrod Maidens.
1:16 of 1st period - Deflect By Jeff Carter.
1:16 of 1st period - Shot Hit the Post.
1:16 of 1st period - Puck is out of play.
1:17 of 1st period - Jeff Carter wins face-off versus Jarrod Maidens in Flyers zone.
1:22 of 1st period - Snap shot by Jakub Voracek.
1:22 of 1st period - Stopped by Tuukka Rask without a rebound.
1:23 of 1st period - Jeff Carter wins face-off versus Joe Thornton in Capitals zone.
1:59 of 1st period - Joe Pavelski is hit by Chris Mcallister and loses puck.
2:30 of 1st period - Scott Parse is hit by Jeff Carter and loses puck.
2:59 of 1st period - Wrist shot by Mike Cammalleri.
2:59 of 1st period - Stopped by Cory Schneider without a rebound.
3:00 of 1st period - Jeff Carter wins face-off versus Ryan Getzlaf in Flyers zone.
3:27 of 1st period - Kyle Wellwood is hit by Brent Burns and loses puck.
3:32 of 1st period - Slapshot by Mike Cammalleri.
3:32 of 1st period - Shot Misses the Net.
3:35 of 1st period - Icing by Chris Mcallister.
3:36 of 1st period - Joe Thornton wins face-off versus Kyle Wellwood in Flyers zone.
3:39 of 1st period - Snap shot by Jason Pominville.
3:39 of 1st period - Stopped by Cory Schneider without a rebound.
3:40 of 1st period - Joe Thornton wins face-off versus Jeff Carter in Flyers zone.
3:53 of 1st period - Snap shot by Joe Thornton.
3:53 of 1st period - Stopped by Cory Schneider with a rebound.
3:55 of 1st period - Wrist shot by Mike Cammalleri.
3:55 of 1st period - Shot Misses the Net.
4:13 of 1st period - Wrist shot by Blake Wheeler.
4:13 of 1st period - Deflect By David Krejci.
4:13 of 1st period - Stopped by Cory Schneider with a rebound.
4:15 of 1st period - Slapshot by Blake Wheeler.
4:15 of 1st period - Deflect By Drew Miller.
4:15 of 1st period - Shot Misses the Net.
4:15 of 1st period - Puck is out of play.
4:16 of 1st period - Joe Thornton wins face-off versus Marcus Kruger in Flyers zone.
6:01 of 1st period - Minor Penalty to Jarrod Maidens for Roughing.
6:02 of 1st period - Jason Pominville wins face-off versus Jeff Carter in Capitals zone.
8:01 of 1st period - Penalty to Jarrod Maidens is over, Jarrod Maidens is back on ice.
8:30 of 1st period - Brian Lashoff is hit by Ryan Getzlaf and loses puck.
8:44 of 1st period - Minor Penalty to Joe Pavelski for Holding.
8:45 of 1st period - Kyle Wellwood wins face-off versus Jason Pominville in Capitals zone.
8:50 of 1st period - Wrist shot by Kyle Wellwood.
8:50 of 1st period - Shot Blocked by Joe Thornton.
8:52 of 1st period - Slapshot by Oliver Ekman-Larsson.
8:52 of 1st period - Shot Misses the Net.
8:54 of 1st period - Backhand shot by Oliver Ekman-Larsson.
8:54 of 1st period - Shot Blocked by Joe Thornton.
8:56 of 1st period - Snap shot by Oliver Ekman-Larsson.
8:56 of 1st period - Shot Blocked by Jason Pominville.
9:00 of 1st period - Snap shot by Chris Mcallister.
9:00 of 1st period - Shot Misses the Net.
10:29 of 1st period - Victor Hedman is hit by Jakub Voracek.
10:44 of 1st period - Penalty to Joe Pavelski is over, Joe Pavelski is back on ice.
11:01 of 1st period - Snap shot by Scott Parse.
11:01 of 1st period - Stopped by Cory Schneider with a rebound.
11:05 of 1st period - Snap shot by T.J. Oshie.
11:05 of 1st period - Deflect By Scott Parse.
11:05 of 1st period - Stopped by Cory Schneider with a rebound.
13:00 of 1st period - Matt Smaby is hit by T.J. Oshie and loses puck.
13:27 of 1st period - Icing by Joe Pavelski.
13:28 of 1st period - Marcus Kruger wins face-off versus Ryan Getzlaf in Capitals zone.
14:31 of 1st period - Backhand shot by Jason Pominville.
14:31 of 1st period - Shot Misses the Net.
14:41 of 1st period - Snap shot by Joe Thornton.
14:41 of 1st period - Stopped by Cory Schneider with a rebound.
14:59 of 1st period - Slapshot by Joe Thornton.
14:59 of 1st period - Stopped by Cory Schneider with a rebound.
15:01 of 1st period - Wrist shot by Jason Pominville.
15:01 of 1st period - Stopped by Cory Schneider with a rebound.
15:03 of 1st period - Slapshot by Joey Ryan.
15:03 of 1st period - Stopped by Cory Schneider with a rebound.
15:05 of 1st period - Snap shot by Mike Cammalleri.
15:05 of 1st period - Shot Misses the Net.
15:13 of 1st period - Slapshot by Jason Pominville.
15:13 of 1st period - Deflect By Joe Thornton.
15:13 of 1st period - Shot Blocked by Oliver Ekman-Larsson.
15:13 of 1st period - Puck is out of play.
15:14 of 1st period - Kyle Wellwood wins face-off versus Ryan Getzlaf in Flyers zone.
15:16 of 1st period - Minor Penalty to Chris Mcallister for Hooking.
15:17 of 1st period - Jeff Carter wins face-off versus Ryan Getzlaf in Flyers zone.
15:17 of 1st period - Jeff Carter is hit by Jamie Benn.
15:32 of 1st period - Wrist shot by Joe Pavelski.
15:32 of 1st period - Shot Misses the Net.
16:19 of 1st period - Victor Hedman is hit by Jakub Voracek and loses puck.
16:40 of 1st period - Matt Smaby is hit by Christian Ehrhoff and loses puck.
17:16 of 1st period - Penalty to Chris Mcallister is over, Chris Mcallister is back on ice.
18:18 of 1st period - Brian McGrattan is hit by Jamie Benn and loses puck.
19:59 of 1st period - Marcus Kruger is hit by Joey Ryan.
Goals for this period are 0 for Flyers vs 0 for Capitals.
Shots for this period are 1 for Flyers vs 11 for Capitals.

2nd period


0:01 of 2nd period - Joe Thornton wins face-off versus Jeff Carter in neutral zone.
0:33 of 2nd period - Wrist shot by Joe Thornton.
0:33 of 2nd period - Deflect By Jamie Benn.
0:33 of 2nd period - Stopped by Cory Schneider with a rebound.
0:35 of 2nd period - Wrist shot by Joe Pavelski.
0:35 of 2nd period - Stopped by Cory Schneider without a rebound.
0:36 of 2nd period - Ryan Getzlaf wins face-off versus Kyle Wellwood in Flyers zone.
0:41 of 2nd period - Snap shot by Jamie Benn.
0:41 of 2nd period - Shot Blocked by Jonathan Ericsson.
1:29 of 2nd period - Matt Smaby is hit by Jarrod Maidens and loses puck.
1:44 of 2nd period - Christian Ehrhoff is hit by Marcus Kruger and loses puck.
2:08 of 2nd period - Off-side.
2:09 of 2nd period - Jeff Carter wins face-off versus Joe Thornton in neutral zone.
2:18 of 2nd period - Snap shot by Jason Pominville.
2:18 of 2nd period - Shot Misses the Net.
2:20 of 2nd period - Slapshot by Victor Hedman.
2:20 of 2nd period - Shot Misses the Net.
2:36 of 2nd period - Matthew Lombardi is hit by Matt Carle and loses puck.
3:02 of 2nd period - Wrist shot by Brian McGrattan.
3:02 of 2nd period - Stopped by Tuukka Rask without a rebound.
3:03 of 2nd period - Joe Thornton wins face-off versus Kyle Wellwood in Capitals zone.
3:03 of 2nd period - Joe Thornton is hit by Brian McGrattan.
3:27 of 2nd period - Wrist shot by Brian McGrattan.
3:27 of 2nd period - Stopped by Tuukka Rask without a rebound.
3:28 of 2nd period - Ryan Getzlaf wins face-off versus Jeff Carter in Capitals zone.
3:30 of 2nd period - Minor Penalty to Joe Pavelski for Interference.
3:31 of 2nd period - Jason Pominville wins face-off versus Jeff Carter in Capitals zone.
3:31 of 2nd period - Jason Pominville is hit by Oliver Ekman-Larsson.
4:58 of 2nd period - Wrist shot by Mike Cammalleri.
4:58 of 2nd period - Stopped by Cory Schneider with a rebound.
5:30 of 2nd period - Penalty to Joe Pavelski is over, Joe Pavelski is back on ice.
5:44 of 2nd period - Wrist shot by Scott Parse.
5:44 of 2nd period - Shot Misses the Net.
5:53 of 2nd period - Icing by J.T. Miller.
5:54 of 2nd period - Marcus Kruger wins face-off versus Ryan Getzlaf in Flyers zone.
6:46 of 2nd period - Wrist shot by Jason Pominville.
6:46 of 2nd period - Deflect By Joe Thornton.
6:46 of 2nd period - Goal by Joe Thornton - Flyers : 0 - Capitals : 1.
6:47 of 2nd period - Joe Thornton wins face-off versus Jeff Carter in neutral zone.
6:56 of 2nd period - Slapshot by Brent Burns.
6:56 of 2nd period - Deflect By Jason Pominville.
6:56 of 2nd period - Shot Misses the Net.
6:56 of 2nd period - Puck is out of play.
6:57 of 2nd period - Joe Thornton wins face-off versus Jeff Carter in Flyers zone.
7:22 of 2nd period - Slapshot by Jason Pominville.
7:22 of 2nd period - Deflect By Mike Cammalleri.
7:22 of 2nd period - Stopped by Cory Schneider without a rebound.
7:23 of 2nd period - Kyle Wellwood wins face-off versus Ryan Getzlaf in Flyers zone.
7:32 of 2nd period - Snap shot by Chris Mcallister.
7:32 of 2nd period - Shot Blocked by Matt Carle.
7:34 of 2nd period - Slapshot by Brian McGrattan.
7:34 of 2nd period - Stopped by Tuukka Rask without a rebound.
7:35 of 2nd period - Jason Pominville wins face-off versus Jeff Carter in Capitals zone.
7:35 of 2nd period - Jason Pominville is hit by Jakub Voracek.
7:38 of 2nd period - Major / Game Misconduct Penalty to Christian Ehrhoff for Head-butting.
7:38 of 2nd period - Christian Ehrhoff is ejected from game.
7:39 of 2nd period - Joe Thornton wins face-off versus Jeff Carter in Capitals zone.
7:39 of 2nd period - Joe Thornton is hit by Drew Miller.
8:52 of 2nd period - Matt Smaby is hit by Jamie Benn.
9:10 of 2nd period - Jeff Carter is hit by Mike Cammalleri and loses puck.
9:40 of 2nd period - Snap shot by David Krejci.
9:40 of 2nd period - Stopped by Cory Schneider without a rebound.
9:41 of 2nd period - David Krejci wins face-off versus Kyle Wellwood in Flyers zone.
11:33 of 2nd period - Brent Burns is hit by Oliver Ekman-Larsson and loses puck.
12:38 of 2nd period - Penalty to Christian Ehrhoff is over, Blake Wheeler is send on ice.
12:46 of 2nd period - Snap shot by Joe Pavelski.
12:46 of 2nd period - Shot Misses the Net.
12:48 of 2nd period - Snap shot by Joe Pavelski.
12:48 of 2nd period - Stopped by Cory Schneider without a rebound.
12:49 of 2nd period - Matthew Lombardi wins face-off versus Jarrod Maidens in Flyers zone.
12:56 of 2nd period - Slapshot by Jonathan Ericsson.
12:56 of 2nd period - Shot Misses the Net.
13:14 of 2nd period - Joe Thornton is hit by J.T. Miller.
13:56 of 2nd period - Jaromir Jagr is hit by Matt Carle and loses puck.
14:03 of 2nd period - Jaromir Jagr is hit by Victor Hedman and loses puck.
14:49 of 2nd period - Joey Ryan is hit by Jeff Carter and loses puck.
15:12 of 2nd period - Off-side.
15:13 of 2nd period - Marcus Kruger wins face-off versus Joe Thornton in neutral zone.
15:16 of 2nd period - Mike Cammalleri is hit by Jonathan Ericsson and loses puck.
15:50 of 2nd period - Penalty Shot by Brian Lashoff for Flyers.
15:50 of 2nd period - Snap shot by Brian Lashoff.
15:50 of 2nd period - Shot Misses the Net.
15:51 of 2nd period - Kyle Wellwood wins face-off versus Joe Thornton in Flyers zone.
16:00 of 2nd period - Icing by Victor Hedman.
16:01 of 2nd period - Joe Thornton wins face-off versus Kyle Wellwood in Capitals zone.
16:06 of 2nd period - Snap shot by Joe Thornton.
16:06 of 2nd period - Shot Misses the Net.
16:08 of 2nd period - Slapshot by Matt Carle.
16:08 of 2nd period - Stopped by Cory Schneider with a rebound.
16:10 of 2nd period - Snap shot by Jason Pominville.
16:10 of 2nd period - Stopped by Cory Schneider without a rebound.
16:11 of 2nd period - Joe Thornton wins face-off versus Jeff Carter in Flyers zone.
16:16 of 2nd period - Slapshot by Brent Burns.
16:16 of 2nd period - Deflect By Joe Thornton.
16:16 of 2nd period - Deflect By Jakub Voracek.
16:16 of 2nd period - Shot Misses the Net.
16:16 of 2nd period - Puck is out of play.
16:17 of 2nd period - Jeff Carter wins face-off versus Joe Thornton in Flyers zone.
16:19 of 2nd period - Minor Penalty to Oliver Ekman-Larsson for Slashing.
16:20 of 2nd period - Drew Miller wins face-off versus Joe Thornton in Flyers zone.
16:36 of 2nd period - Brian Lashoff is hit by Joe Thornton and loses puck.
16:43 of 2nd period - Minor Penalty to Mike Cammalleri for Roughing.
16:44 of 2nd period - Jeff Carter wins face-off versus Jason Pominville in Capitals zone.
16:45 of 2nd period - Snap shot by Drew Miller.
16:45 of 2nd period - Stopped by Tuukka Rask with a rebound.
17:31 of 2nd period - Snap shot by Jakub Voracek.
17:31 of 2nd period - Stopped by Tuukka Rask without a rebound.
17:32 of 2nd period - Jakub Voracek wins face-off versus Jason Pominville in Capitals zone.
17:33 of 2nd period - Snap shot by Kyle Wellwood.
17:33 of 2nd period - Stopped by Tuukka Rask with a rebound.
18:17 of 2nd period - Icing by Jakub Voracek.
18:18 of 2nd period - Jakub Voracek wins face-off versus Jason Pominville in Flyers zone.
18:19 of 2nd period - Penalty to Oliver Ekman-Larsson is over, Oliver Ekman-Larsson is back on ice.
18:39 of 2nd period - Wrist shot by Oliver Ekman-Larsson.
18:39 of 2nd period - Shot Misses the Net.
18:41 of 2nd period - Snap shot by Oliver Ekman-Larsson.
18:41 of 2nd period - Shot Misses the Net.
18:43 of 2nd period - Penalty to Mike Cammalleri is over, Mike Cammalleri is back on ice.
18:43 of 2nd period - Snap shot by Drew Miller.
18:43 of 2nd period - Goal by Drew Miller - Flyers : 1 - Capitals : 1.
18:44 of 2nd period - Ryan Getzlaf wins face-off versus Kyle Wellwood in neutral zone.
18:47 of 2nd period - Wrist shot by Jamie Benn.
18:47 of 2nd period - Stopped by Cory Schneider without a rebound.
18:48 of 2nd period - Kyle Wellwood wins face-off versus Ryan Getzlaf in Flyers zone.
19:55 of 2nd period - Wrist shot by Drew Miller.
19:55 of 2nd period - Stopped by Tuukka Rask with a rebound.
19:57 of 2nd period - Slapshot by Matt Smaby.
19:57 of 2nd period - Stopped by Tuukka Rask without a rebound.
19:58 of 2nd period - Kyle Wellwood wins face-off versus Joe Pavelski in Capitals zone.
Goals for this period are 1 for Flyers vs 1 for Capitals.
Shots for this period are 9 for Flyers vs 10 for Capitals.

3rd period


0:01 of 3rd period - Joe Thornton wins face-off versus Jeff Carter in neutral zone.
0:14 of 3rd period - Slapshot by Joe Thornton.
0:14 of 3rd period - Deflect By Jason Pominville.
0:14 of 3rd period - Stopped by Cory Schneider without a rebound.
0:15 of 3rd period - Jeff Carter wins face-off versus Ryan Getzlaf in Flyers zone.
0:40 of 3rd period - Joe Thornton is hit by Kyle Wellwood and loses puck.
0:45 of 3rd period - Wrist shot by Kyle Wellwood.
0:45 of 3rd period - Shot Misses the Net.
0:47 of 3rd period - Slapshot by Brian Lashoff.
0:47 of 3rd period - Stopped by Tuukka Rask with a rebound.
0:49 of 3rd period - Snap shot by Chris Mcallister.
0:49 of 3rd period - Shot Misses the Net.
0:51 of 3rd period - Wrist shot by Kyle Wellwood.
0:51 of 3rd period - Deflect By Chris Mcallister.
0:51 of 3rd period - Shot Blocked by Dan Girardi.
0:51 of 3rd period - Puck is out of play.
0:52 of 3rd period - Marcus Kruger wins face-off versus Ryan Getzlaf in Capitals zone.
0:55 of 3rd period - Wrist shot by J.T. Miller.
0:55 of 3rd period - Stopped by Tuukka Rask with a rebound.
0:57 of 3rd period - Slapshot by Steve McCarthy.
0:57 of 3rd period - Shot Misses the Net.
0:59 of 3rd period - Snap shot by Marcus Kruger.
0:59 of 3rd period - Shot Blocked by Victor Hedman.
1:01 of 3rd period - Wrist shot by J.T. Miller.
1:01 of 3rd period - Stopped by Tuukka Rask with a rebound.
1:03 of 3rd period - Slapshot by Brian Lashoff.
1:03 of 3rd period - Stopped by Tuukka Rask with a rebound.
1:05 of 3rd period - Backhand shot by Steve McCarthy.
1:05 of 3rd period - Shot Misses the Net.
1:07 of 3rd period - Slapshot by Steve McCarthy.
1:07 of 3rd period - Shot Blocked by Victor Hedman.
1:09 of 3rd period - Snap shot by J.T. Miller.
1:09 of 3rd period - Shot Misses the Net.
1:19 of 3rd period - Drew Miller is hit by Jason Pominville and loses puck.
1:48 of 3rd period - Snap shot by Kyle Wellwood.
1:48 of 3rd period - Stopped by Tuukka Rask without a rebound.
1:49 of 3rd period - Brian McGrattan wins face-off versus Ryan Getzlaf in Capitals zone.
1:54 of 3rd period - Wrist shot by Brian McGrattan.
1:54 of 3rd period - Shot Blocked by Jamie Benn.
2:14 of 3rd period - Joe Thornton is hit by Jakub Voracek and loses puck.
2:39 of 3rd period - David Krejci is hit by Steve McCarthy and loses puck.
3:03 of 3rd period - Snap shot by Kyle Wellwood.
3:03 of 3rd period - Stopped by Tuukka Rask with a rebound.
3:05 of 3rd period - Slapshot by Brian Lashoff.
3:05 of 3rd period - Stopped by Tuukka Rask without a rebound.
3:06 of 3rd period - Jeff Carter wins face-off versus Joe Thornton in Capitals zone.
3:31 of 3rd period - Brian McGrattan is hit by Jamie Benn and loses puck.
4:00 of 3rd period - Snap shot by Scott Parse.
4:00 of 3rd period - Stopped by Cory Schneider without a rebound.
4:01 of 3rd period - Jeff Carter wins face-off versus Jason Pominville in Flyers zone.
4:47 of 3rd period - Kyle Wellwood is hit by Scott Parse.
4:51 of 3rd period - Matt Smaby is hit by Jarrod Maidens and loses puck.
5:00 of 3rd period - Snap shot by T.J. Oshie.
5:00 of 3rd period - Shot Misses the Net.
5:18 of 3rd period - Snap shot by David Krejci.
5:18 of 3rd period - Shot Misses the Net.
5:20 of 3rd period - Slapshot by Victor Hedman.
5:20 of 3rd period - Shot Blocked by Jeff Carter.
5:36 of 3rd period - Wrist shot by Jason Pominville.
5:36 of 3rd period - Deflect By Mike Cammalleri.
5:36 of 3rd period - Stopped by Cory Schneider without a rebound.
5:37 of 3rd period - Joe Thornton wins face-off versus Marcus Kruger in Flyers zone.
5:46 of 3rd period - Slapshot by Joe Thornton.
5:46 of 3rd period - Stopped by Cory Schneider with a rebound.
5:48 of 3rd period - Wrist shot by Joe Thornton.
5:48 of 3rd period - Shot Blocked by Jaromir Jagr.
5:50 of 3rd period - Backhand shot by Jason Pominville.
5:50 of 3rd period - Goal by Jason Pominville - Flyers : 1 - Capitals : 2.
5:51 of 3rd period - Joe Thornton wins face-off versus Jeff Carter in neutral zone.
5:54 of 3rd period - Slapshot by Brent Burns.
5:54 of 3rd period - Stopped by Cory Schneider with a rebound.
5:56 of 3rd period - Slapshot by Dan Girardi.
5:56 of 3rd period - Stopped by Cory Schneider with a rebound.
5:58 of 3rd period - Snap shot by Brent Burns.
5:58 of 3rd period - Deflect By Jason Pominville.
5:58 of 3rd period - Shot Blocked by Jeff Carter.
5:58 of 3rd period - Puck is out of play.
5:59 of 3rd period - Jeff Carter wins face-off versus Joe Thornton in Flyers zone.
6:01 of 3rd period - Minor Penalty to Oliver Ekman-Larsson for Interference.
6:02 of 3rd period - Joe Thornton wins face-off versus Jeff Carter in Flyers zone.
6:28 of 3rd period - Brian Lashoff is hit by Ryan Getzlaf and loses puck.
6:56 of 3rd period - Icing by Matt Carle.
6:57 of 3rd period - Marcus Kruger wins face-off versus Ryan Getzlaf in Capitals zone.
7:05 of 3rd period - Off-side.
7:06 of 3rd period - Joe Thornton wins face-off versus Jeff Carter in neutral zone.
7:09 of 3rd period - Slapshot by Brent Burns.
7:09 of 3rd period - Shot Blocked by Jeff Woywitka.
7:33 of 3rd period - Slapshot by Ryan Getzlaf.
7:33 of 3rd period - Goal by Ryan Getzlaf - Flyers : 1 - Capitals : 3.
7:34 of 3rd period - Jeff Carter wins face-off versus Joe Thornton in neutral zone.
7:40 of 3rd period - Minor Penalty to Drew Miller for High sticking.
7:41 of 3rd period - Jeff Carter wins face-off versus Joe Thornton in Flyers zone.
8:06 of 3rd period - Jamie Benn is hit by J.T. Miller and loses puck.
9:39 of 3rd period - Joe Thornton is hit by Oliver Ekman-Larsson and loses puck.
9:40 of 3rd period - Penalty to Drew Miller is over, Drew Miller is back on ice.
10:20 of 3rd period - Snap shot by Patrick Marleau.
10:20 of 3rd period - Deflect By David Krejci.
10:20 of 3rd period - Shot Misses the Net.
10:20 of 3rd period - Puck is out of play.
10:21 of 3rd period - David Krejci wins face-off versus Matthew Lombardi in Flyers zone.
10:28 of 3rd period - Snap shot by Blake Wheeler.
10:28 of 3rd period - Shot Blocked by Oliver Ekman-Larsson.
10:30 of 3rd period - Slapshot by Joey Ryan.
10:30 of 3rd period - Deflect By Matthew Lombardi.
10:30 of 3rd period - Stopped by Cory Schneider without a rebound.
10:31 of 3rd period - Joe Pavelski wins face-off versus Marcus Kruger in Flyers zone.
11:00 of 3rd period - Wrist shot by Chris Mcallister.
11:00 of 3rd period - Shot Misses the Net.
11:24 of 3rd period - Snap shot by Jeff Carter.
11:24 of 3rd period - Stopped by Tuukka Rask without a rebound.
11:25 of 3rd period - Jason Pominville wins face-off versus Jeff Carter in Capitals zone.
11:40 of 3rd period - Snap shot by Jakub Voracek.
11:40 of 3rd period - Stopped by Tuukka Rask with a rebound.
12:52 of 3rd period - Victor Hedman is hit by Matt Smaby and loses puck.
13:07 of 3rd period - Minor Penalty to Matt Smaby for Holding.
13:08 of 3rd period - Jeff Carter wins face-off versus Joe Thornton in Flyers zone.
14:15 of 3rd period - Joe Pavelski is hit by Jakub Voracek and loses puck.
15:07 of 3rd period - Penalty to Matt Smaby is over, Matt Smaby is back on ice.
17:14 of 3rd period - Jonathan Ericsson is hit by T.J. Oshie and loses puck.
17:51 of 3rd period - Victor Hedman is hit by Nathan Beaulieu and loses puck.
19:22 of 3rd period - Oliver Ekman-Larsson is hit by David Krejci and loses puck.
Goals for this period are 0 for Flyers vs 2 for Capitals.
Shots for this period are 9 for Flyers vs 9 for Capitals.